TOP OF THE 1ST |
Lake Erie Arryns batting - Pitching for Tennessee Smokies : RHP Alan Mason
|
Pitching: RHP Alan Mason
|
|
Batting: RHB Scot Roberts
|
0-0: Fly out, F7 (Flyball, 78D, EV 107.5 MPH)
|
Batting: RHB Beco Bnard
|
0-0: Called Strike 0-1: Ball 1-1: Foul Ball, location: 2F 1-2: Strikes out swinging
|
Batting: RHB Juan Núñez
|
0-0: Foul Ball, location: 2F 0-1: Ball 1-1: Swinging Strike 1-2: Strikes out swinging
|
Top of the 1st over - 0 runs, 0 hits, 0 errors, 0 left on base; Lake Erie 0 - Tennessee 0 |
BOTTOM OF THE 1ST |
Tennessee Smokies batting - Pitching for Lake Erie Arryns : RHP John Fleming
|
Pitching: RHP John Fleming
|
|
Batting: LHB Juan Santos
|
0-0: Called Strike 0-1: Fly out, F9 (Flyball, 89M, EV 95.6 MPH)
|
Batting: RHB Dave Bauer
|
0-0: Ball 1-0: Swinging Strike 1-1: Called Strike 1-2: Ball 2-2: Foul Ball, location: 2F 2-2: Ball 3-2: Foul Ball, location: 2F 3-2: Strikes out looking
|
Batting: SHB Jorge Indiano
|
0-0: TRIPLE (Line Drive, 9LD, EV 110.6 MPH)
|
Batting: LHB Carel van Putten
|
0-0: Fly out, F8 (Line Drive, 8LM, EV 103.8 MPH)
|
Bottom of the 1st over - 0 runs, 1 hit, 0 errors, 1 left on base; Lake Erie 0 - Tennessee 0 |
TOP OF THE 2ND |
Lake Erie Arryns batting - Pitching for Tennessee Smokies : RHP Alan Mason
|
Batting: RHB Mike Branch
|
0-0: Swinging Strike 0-1: DOUBLE (Line Drive, 9LM, EV 110.6 MPH)
|
Batting: RHB Patrick Mildren
|
0-0: Called Strike 0-1: Fly out, F7 (Flyball, 7, EV 78.8 MPH)
|
Batting: SHB Borisav Aleksic
|
0-0: Ball 1-0: Called Strike 1-1: Ball 2-1: Fly out, F8 (Flyball, 8RS, EV 71.9 MPH)
|
Batting: RHB Wang Gai
|
0-0: Called Strike 0-1: Ball 1-1: Ball 2-1: Called Strike 2-2: Strikes out swinging
|
Top of the 2nd over - 0 runs, 1 hit, 0 errors, 1 left on base; Lake Erie 0 - Tennessee 0 |
BOTTOM OF THE 2ND |
Tennessee Smokies batting - Pitching for Lake Erie Arryns : RHP John Fleming
|
Batting: RHB Fraser Childs
|
0-0: Ground out 4-3 (Groundball, 4, EV 85.0 MPH)
|
Batting: RHB Jorge Muñóz
|
0-0: Called Strike 0-1: Ball 1-1: Foul Ball, location: 2F 1-2: Ball 2-2: Foul Ball, location: 2F 2-2: Ball 3-2: Strikes out swinging
|
Batting: RHB Jessie Merenda
|
0-0: Called Strike 0-1: DOUBLE (Flyball, 89D, EV 95.6 MPH)
|
Batting: RHB Martin Clayton
|
0-0: Ball 1-0: Foul Ball, location: 2F 1-1: Ball 2-1: Ground out 6-3 (Groundball, 56, EV 104.4 MPH)
|
Bottom of the 2nd over - 0 runs, 1 hit, 0 errors, 1 left on base; Lake Erie 0 - Tennessee 0 |
TOP OF THE 3RD |
Lake Erie Arryns batting - Pitching for Tennessee Smokies : RHP Alan Mason
|
Batting: RHB Adrián Xirau
|
0-0: Foul Ball, location: 2F 0-1: Swinging Strike 0-2: Strikes out looking
|
Batting: RHB Daryl Pethick
|
0-0: Ball 1-0: Ground out 5-3 (Groundball, 5, EV 105.6 MPH)
|
Batting: RHB Scot Roberts
|
0-0: Swinging Strike 0-1: Ball 1-1: Foul Ball, location: 2F 1-2: Ball 2-2: Foul Ball, location: 2F 2-2: Ball 3-2: SOLO HOME RUN (Flyball, 7LD, EV 102.5 MPH), Distance : 368 ft
|
Batting: RHB Beco Bnard
|
0-0: Foul Ball, location: 2F 0-1: Foul Ball, location: 2F 0-2: Ball 1-2: Ball 2-2: Strikes out looking
|
Top of the 3rd over - 1 run, 1 hit, 0 errors, 0 left on base; Lake Erie 1 - Tennessee 0 |
BOTTOM OF THE 3RD |
Tennessee Smokies batting - Pitching for Lake Erie Arryns : RHP John Fleming
|
Batting: RHB Roy Osmond
|
0-0: Called Strike 0-1: Ball 1-1: Foul Ball, location: 2F 1-2: Strikes out swinging
|
Batting: LHB Juan Santos
|
0-0: Swinging Strike 0-1: Ball 1-1: Ball 2-1: Fly out, F7 (Line Drive, 7, EV 92.5 MPH)
|
Batting: RHB Dave Bauer
|
0-0: Called Strike 0-1: Ball 1-1: Ground out 3-1 (Groundball, 34S, EV 90.0 MPH)
|
Bottom of the 3rd over - 0 runs, 0 hits, 0 errors, 0 left on base; Lake Erie 1 - Tennessee 0 |
TOP OF THE 4TH |
Lake Erie Arryns batting - Pitching for Tennessee Smokies : RHP Alan Mason
|
Batting: RHB Juan Núñez
|
0-0: Ball 1-0: Foul Ball, location: 2F 1-1: Called Strike 1-2: Strikes out swinging
|
Batting: RHB Mike Branch
|
0-0: Ball 1-0: Ball 2-0: Ground out 6-3 (Groundball, 6, EV 105.0 MPH)
|
Batting: RHB Patrick Mildren
|
0-0: Ball 1-0: Called Strike 1-1: Foul Ball, location: 2F 1-2: Ball 2-2: Reached on error, E4 (Line Drive, 4, EV 68.1 MPH)
|
Batting: SHB Borisav Aleksic
|
0-0: Foul Ball, location: 2F 0-1: Called Strike 0-2: Ball 1-2: Foul Ball, location: 2F 1-2: Foul Ball, location: 2F 1-2: Ball 2-2: Ball 3-2: Base on Balls Patrick Mildren to second
|
Batting: RHB Wang Gai
|
0-0: Foul Ball, location: 2F 0-1: Foul Ball, location: 2F 0-2: Ground out 4-3 (Groundball, 4, EV 88.8 MPH)
|
Top of the 4th over - 0 runs, 0 hits, 1 error, 2 left on base; Lake Erie 1 - Tennessee 0 |
BOTTOM OF THE 4TH |
Tennessee Smokies batting - Pitching for Lake Erie Arryns : RHP John Fleming
|
Batting: SHB Jorge Indiano
|
0-0: Ball 1-0: Foul Ball, location: 2F 1-1: Ball 2-1: Ground out 4-3 (Groundball, 4M, EV 101.9 MPH)
|
Batting: LHB Carel van Putten
|
0-0: Ball 1-0: Ground out 1-3 (Groundball, 13, EV 67.5 MPH)
|
Batting: RHB Fraser Childs
|
0-0: SINGLE (Line Drive, 4MD, EV 103.8 MPH)
|
Batting: RHB Jorge Muñóz
|
0-0: Called Strike 0-1: Ball 1-1: Foul Ball, location: 2F 1-2: Fly out, F6 (Line Drive, 6, EV 73.8 MPH)
|
Bottom of the 4th over - 0 runs, 1 hit, 0 errors, 1 left on base; Lake Erie 1 - Tennessee 0 |
TOP OF THE 5TH |
Lake Erie Arryns batting - Pitching for Tennessee Smokies : RHP Alan Mason
|
Batting: RHB Adrián Xirau
|
0-0: SOLO HOME RUN (Flyball, 7LD, EV 97.5 MPH), Distance : 355 ft
|
Batting: RHB Daryl Pethick
|
0-0: Called Strike 0-1: Fly out, F9 (Flyball, 89D, EV 94.4 MPH)
|
Batting: RHB Scot Roberts
|
0-0: Swinging Strike 0-1: Ball 1-1: Swinging Strike 1-2: Strikes out swinging
|
Batting: RHB Beco Bnard
|
0-0: Ball 1-0: Called Strike 1-1: Ground out 6-3 (Groundball, 6, EV 101.2 MPH)
|
Top of the 5th over - 1 run, 1 hit, 0 errors, 0 left on base; Lake Erie 2 - Tennessee 0 |
BOTTOM OF THE 5TH |
Tennessee Smokies batting - Pitching for Lake Erie Arryns : RHP John Fleming
|
Batting: RHB Jessie Merenda
|
0-0: Foul Ball, location: 2F 0-1: Fly out, F9 (Line Drive, 9, EV 88.1 MPH)
|
Batting: RHB Martin Clayton
|
0-0: Called Strike 0-1: Ball 1-1: Called Strike 1-2: Ball 2-2: Ball 3-2: SINGLE (Groundball, 4MD, EV 96.2 MPH)
|
Batting: RHB Roy Osmond
|
0-0: Ball 1-0: Ball 2-0: Foul Ball, location: 2F 2-1: Fielders Choice at 2nd, 1-6 (Groundball, 13S, EV 64.4 MPH)
|
Batting: LHB Juan Santos
|
0-0: Ball 1-0: Ball 2-0: Called Strike 2-1: Fly out, F9 (Flyball, 89M, EV 66.9 MPH)
|
Bottom of the 5th over - 0 runs, 1 hit, 0 errors, 1 left on base; Lake Erie 2 - Tennessee 0 |
TOP OF THE 6TH |
Lake Erie Arryns batting - Pitching for Tennessee Smokies : RHP Alan Mason
|
Batting: RHB Juan Núñez
|
0-0: Called Strike 0-1: Foul Ball, location: 2F 0-2: Strikes out swinging
|
Batting: RHB Mike Branch
|
0-0: Called Strike 0-1: Ball 1-1: Ball 2-1: Ground out 4-3 (Groundball, 4M, EV 89.4 MPH)
|
Batting: RHB Patrick Mildren
|
0-0: Fly out, F8 (Flyball, 8LS, EV 73.8 MPH)
|
Top of the 6th over - 0 runs, 0 hits, 0 errors, 0 left on base; Lake Erie 2 - Tennessee 0 |
BOTTOM OF THE 6TH |
Tennessee Smokies batting - Pitching for Lake Erie Arryns : RHP John Fleming
|
Batting: RHB Dave Bauer
|
0-0: Ball 1-0: Called Strike 1-1: Ball 2-1: Foul Ball, location: 2F 2-2: Foul Ball, location: 2F 2-2: Foul Ball, location: 2F 2-2: Fly out, F7 (Flyball, 78M, EV 90.0 MPH)
|
Batting: SHB Jorge Indiano
|
0-0: Ball 1-0: Ground out 4-3 (Groundball, 4, EV 85.6 MPH)
|
Batting: LHB Carel van Putten
|
0-0: Ball 1-0: Foul Ball, location: 2F 1-1: Called Strike 1-2: SINGLE (Line Drive, 5D, EV 109.4 MPH)
|
Batting: RHB Fraser Childs
|
0-0: Fly out, F7 (Flyball, 7D, EV 83.8 MPH)
|
Bottom of the 6th over - 0 runs, 1 hit, 0 errors, 1 left on base; Lake Erie 2 - Tennessee 0 |
TOP OF THE 7TH |
Lake Erie Arryns batting - Pitching for Tennessee Smokies : RHP Alan Mason
|
Batting: SHB Borisav Aleksic
|
0-0: Called Strike 0-1: Foul Ball, location: 2F 0-2: Foul Ball, location: 2F 0-2: Ball 1-2: Ball 2-2: Foul Ball, location: 2F 2-2: SINGLE (Groundball, 4MD, EV 96.2 MPH)
|
Batting: RHB Wang Gai
|
0-0: Bunt missed! 0-1: Ball 1-1: Foul Ball, location: 2F 1-2: Ball 2-2: Ball 3-2: SINGLE (Groundball, 34, EV 93.8 MPH) Borisav Aleksic to second Runner from 2nd tries for 3rd, SAFE, no throw by RF
|
Pitching: RHP Sebastiaan Roelands
|
|
Batting: RHB Adrián Xirau
|
0-0: Called Strike 0-1: Swinging Strike 0-2: Ground out U3 (Groundball, 34S, EV 73.1 MPH) Borisav Aleksic scores Wang Gai to second
|
Batting: RHB Daryl Pethick
|
0-0: Foul Ball, location: 2F 0-1: Swinging Strike 0-2: Foul Ball, location: 2F 0-2: Ball 1-2: DOUBLE (Line Drive, 8RD, EV 111.2 MPH) Wang Gai scores
|
Batting: RHB Scot Roberts
|
0-0: Swinging Strike 0-1: Ball 1-1: Foul Ball, location: 2F 1-2: Strikes out swinging
|
Batting: RHB Beco Bnard
|
0-0: Called Strike 0-1: Ball 1-1: SINGLE (Groundball, 6D, EV 107.5 MPH) Daryl Pethick to third Runner from 3rd tries for Home, SAFE, no throw by CF
|
Batting: RHB Juan Núñez
|
0-0: Ball 1-0: Ball 2-0: Ball 3-0: Called Strike 3-1: SINGLE (Flyball, 56D, EV 96.9 MPH) Beco Bnard to second
|
Batting: RHB Mike Branch
|
0-0: Ball 1-0: Ball 2-0: Ball 3-0: Called Strike 3-1: Swinging Strike 3-2: Foul Ball, location: 2F 3-2: 3-RUN HOME RUN (Flyball, 9LD, EV 109.4 MPH), Distance : 350 ft
|
Pitching: RHP Matt Rodríguez
|
|
Batting: RHB Patrick Mildren
|
0-0: Ball 1-0: Called Strike 1-1: Foul Ball, location: 2F 1-2: Foul Ball, location: 2F 1-2: Ball 2-2: Ball 3-2: Strikes out swinging
|
Top of the 7th over - 6 runs, 6 hits, 0 errors, 0 left on base; Lake Erie 8 - Tennessee 0 |
BOTTOM OF THE 7TH |
Tennessee Smokies batting - Pitching for Lake Erie Arryns : RHP John Fleming
|
Batting: RHB Jorge Muñóz
|
0-0: Ground out 6-3 (Groundball, 6, EV 101.9 MPH)
|
Batting: RHB Jessie Merenda
|
0-0: Called Strike 0-1: Foul Ball, location: 2F 0-2: Fly out, F8 (Flyball, 8RD, EV 86.2 MPH)
|
Batting: RHB Martin Clayton
|
0-0: Ball 1-0: Swinging Strike 1-1: Foul Ball, location: 2F 1-2: Ground out 4-3 (Groundball, 4, EV 106.9 MPH)
|
Bottom of the 7th over - 0 runs, 0 hits, 0 errors, 0 left on base; Lake Erie 8 - Tennessee 0 |
TOP OF THE 8TH |
Lake Erie Arryns batting - Pitching for Tennessee Smokies : RHP Matt Rodríguez
|
Pinch Hitting: RHB Everett Garland
|
0-0: Ball 1-0: Foul Ball, location: 2F 1-1: Fly out, F9 (Flyball, 89S, EV 83.1 MPH)
|
Batting: RHB Wang Gai
|
0-0: Called Strike 0-1: Swinging Strike 0-2: Ground out 1-3 (Groundball, 13, EV 78.1 MPH)
|
Batting: RHB Adrián Xirau
|
0-0: SINGLE (Groundball, 4M, EV 108.8 MPH) (infield hit)
|
Batting: RHB Daryl Pethick
|
0-0: Ball 1-0: Ball 2-0: Called Strike 2-1: Fielders Choice at 2nd, 6-4 (Groundball, 6, EV 91.2 MPH)
|
Top of the 8th over - 0 runs, 1 hit, 0 errors, 1 left on base; Lake Erie 8 - Tennessee 0 |
BOTTOM OF THE 8TH |
Tennessee Smokies batting - Pitching for Lake Erie Arryns : RHP John Fleming
|
Now at 1B: António Gómez
|
|
Batting: RHB Roy Osmond
|
0-0: Called Strike 0-1: Called Strike 0-2: Ball 1-2: Foul Ball, location: 2F 1-2: SINGLE (Line Drive, 78S, EV 106.2 MPH)
|
Batting: LHB Juan Santos
|
0-0: Called Strike 0-1: Ball 1-1: SINGLE (Groundball, 4MD, EV 108.8 MPH) Roy Osmond to second
|
Batting: RHB Dave Bauer
|
0-0: Called Strike 0-1: Swinging Strike 0-2: Foul Ball, location: 2F 0-2: Ball 1-2: Foul Ball, location: 2F 1-2: Foul Ball, location: 2F 1-2: Ground out 6-3 (Groundball, 6M, EV 87.5 MPH) Roy Osmond to third Juan Santos to second
|
Batting: SHB Jorge Indiano
|
0-0: Called Strike 0-1: Ball 1-1: SINGLE (Flyball, 9LS, EV 93.8 MPH) Roy Osmond scores Juan Santos to third
|
Pitching: RHP Luis Reyes
|
|
Batting: LHB Carel van Putten
|
0-0: Fly out, F3 (Popup, 3F, EV 66.2 MPH)
|
Batting: RHB Fraser Childs
|
0-0: Ball 1-0: Foul Ball, location: 2F 1-1: Ball 2-1: Ball 3-1: Base on Balls Jorge Indiano to second
|
Batting: RHB Jorge Muñóz
|
0-0: Swinging Strike 0-1: Called Strike 0-2: Fly out, F8 (Flyball, 8RM, EV 81.2 MPH)
|
Bottom of the 8th over - 1 run, 3 hits, 0 errors, 3 left on base; Lake Erie 8 - Tennessee 1 |
TOP OF THE 9TH |
Lake Erie Arryns batting - Pitching for Tennessee Smokies : RHP Matt Rodríguez
|
Pinch Hitting: RHB Michael Richardson
|
0-0: Ball 1-0: Swinging Strike 1-1: Ball 2-1: Ground out 6-3 (Groundball, 6MD, EV 80.6 MPH)
|
Batting: RHB Beco Bnard
|
0-0: Ball 1-0: Ball 2-0: Foul Ball, location: 2F 2-1: Called Strike 2-2: Ball 3-2: Foul Ball, location: 2F 3-2: Fly out, F9 (Flyball, 9D, EV 86.2 MPH)
|
Batting: RHB Juan Núñez
|
0-0: Foul Ball, location: 2F 0-1: Called Strike 0-2: Strikes out swinging
|
Top of the 9th over - 0 runs, 0 hits, 0 errors, 0 left on base; Lake Erie 8 - Tennessee 1 |
BOTTOM OF THE 9TH |
Tennessee Smokies batting - Pitching for Lake Erie Arryns : RHP Luis Reyes
|
Now in LF: Michael Richardson
|
|
Batting: RHB Jessie Merenda
|
0-0: Called Strike 0-1: Called Strike 0-2: Ground out 5-3 (Groundball, 56, EV 84.4 MPH)
|
Batting: RHB Martin Clayton
|
0-0: Ball 1-0: Ball 2-0: Ball 3-0: Called Strike 3-1: Foul Ball, location: 2F 3-2: Foul Ball, location: 2F 3-2: Base on Balls
|
Batting: RHB Roy Osmond
|
0-0: Fly out, F8 (Flyball, 8RS, EV 86.9 MPH)
|
Batting: LHB Juan Santos
|
0-0: Ground out 4-3 (Groundball, 4, EV 105.6 MPH)
|
Bottom of the 9th over - 0 runs, 0 hits, 0 errors, 1 left on base; Lake Erie 8 - Tennessee 1 |
|